 Dungeon Crawl Stone Soup version 0.24.0-124-g2791043dd8 (webtiles) character file.

Game seed: 14664987228171009091, levelgen mode: deterministic

175221 Peloso the Hoplite (level 17, -8/156 HPs)
             Began as a Minotaur Fighter on Feb 14, 2020.
             Was the Champion of Okawaru.
             Killed from afar by a deep elf sorcerer (42 damage)
             ... with damnation
             ... on level 3 of the Elven Halls.
             The game lasted 01:48:26 (43051 turns).

Peloso the Hoplite (Minotaur Fighter)              Turns: 43051, Time: 01:48:27

Health: -8/156     AC: 25    Str: 24    XL:     17   Next: 46%
Magic:  18/18      EV: 13    Int:  7    God:    Okawaru [******]
Gold:   2665       SH: 25    Dex: 19    Spells: 16/16 levels left

rFire    + . .     SeeInvis .   a - +4 long sword (elec)
rCold    . . .     Gourm    .   c - +0 large shield
rNeg     . . .     Faith    .   r - +3 plate armour {rPois}
rPois    +         Spirit   .   T - +0 hat {MR+}
rElec    .         Reflect  .   (no cloak)
rCorr    .         Harm     .   F - +1 pair of gloves "Tauste" {Int+5}
MR       +++++     Rnd*Rage +   A - +0 pair of boots "Jeut" {rPois rF+ Dex+5} (curse)
Stlth    ..........             l - necklace of Bloodlust {*Rage +Rage MR++ Int-3 Slay+6 *Curse} (curse)
HPRegen  0.36/turn              y - ring of flight
MPRegen  0.16/turn              j - ring of protection from magic

@: no status effects
A: retaliatory headbutt, horns 2, talons 1, slimy green scales 1
a: Heroism, Finesse, Renounce Religion, Evoke Berserk Rage, Evoke Flight


You were on level 3 of the Elven Halls.
You worshipped Okawaru.
Okawaru was exalted by your worship.
You were not hungry.

You visited 5 branches of the dungeon, and saw 27 of its levels.
You also visited: Ossuary and Ice Cave.

You collected 3760 gold pieces.
You spent 1095 gold pieces at shops.

Inventory:

Hand Weapons
 a - a +4 long sword of electrocution (weapon)
 b - a +0 scimitar of flaming
Armour
 c - a +0 large shield (worn)
 r - a +3 plate armour of poison resistance (worn)
 s - the +4 chain mail of Sonugred {Regen+}
   (Okawaru gifted it to you on level 2 of the Orcish Mines)

   It increases your rate of regeneration.
 A - the cursed +0 pair of boots "Jeut" (worn) {rPois rF+ Dex+5}
   (You found it on level 1 of the Orcish Mines)

   It affects your dexterity (+5).
   It protects you from fire.
   It protects you from poison.
   It has a curse placed upon it.
 D - a +0 pair of boots
 F - the +1 pair of gloves "Tauste" (worn) {Int+5}
   (Okawaru gifted it to you on level 1 of the Elven Halls)

   It affects your intelligence (+5).
 L - the +3 ring mail of Midsummer {rC+ MR+ Int+2}
   (Okawaru gifted it to you on level 12 of the Dungeon)

   It affects your intelligence (+2).
   It protects you from cold.
   It affects your resistance to hostile enchantments.
 T - a +0 hat of magic resistance (worn)
Jewellery
 j - a ring of protection from magic (right hand)
 l - the cursed necklace of Bloodlust (around neck) {*Rage +Rage MR++ Int-3 Slay+6 *Curse}
   (You bought it in a shop on level 2 of the Orcish Mines)

   [amulet of rage]

   It affects your intelligence (-3).
   It affects your accuracy and damage with ranged weapons and melee attacks
   (+6).
   It affects your resistance to hostile enchantments.
   It lets you go berserk.
   It may make you go berserk in combat.
   It curses itself when equipped.
   It has a curse placed upon it.
 t - an uncursed ring of positive energy
 w - a +2 amulet of reflection
 x - an uncursed ring of poison resistance
 y - a ring of flight (left hand)
 I - an uncursed ring of see invisible {unknown}
 K - an uncursed amulet of the acrobat
 Q - an uncursed ring of protection from cold
Wands
 h - a wand of paralysis (16)
 z - a wand of iceblast (9)
 C - a wand of random effects (18)
 E - a wand of polymorph (14)
 J - a wand of flame (16)
 N - a wand of clouds (4)
Scrolls
 e - 5 scrolls of identify
 g - 9 scrolls of remove curse
 i - 2 scrolls of fog
 k - 2 scrolls of magic mapping
 m - 2 scrolls of enchant armour
 n - a scroll of holy word
 p - a scroll of torment
 q - 3 scrolls of fear
 v - 7 scrolls of teleportation
 G - a scroll of amnesia
 R - a scroll of summoning
 U - 5 scrolls of noise
Potions
 d - 4 potions of might
 o - 4 potions of agility
 u - 3 potions of resistance
 H - 2 potions of heal wounds
 M - 8 potions of curing
Miscellaneous
 B - a fan of gales
Comestibles
 f - 33 rations
 O - 4 chunks of flesh


   Skills:
 + Level 15.2 Fighting
 + Level 16.7 Long Blades
   Level 2.5 Axes
 + Level 14.3 Armour
 + Level 9.5 Dodging
 + Level 3.2 Stealth
 + Level 22.3 Shields
 + Level 3.7 Invocations
 + Level 0.7 Evocations


You had 16 spell levels left.
You didn't know any spells.
Your spell library contained the following spells:

 Spells                   Type           Power        Failure   Level  Hunger
 Animate Skeleton         Necr           N/A          99%         1    ##.....
 Apportation              Tloc           #.....       99%         1    ##.....
 Confusing Touch          Hex            #.....       99%         1    ##.....
 Corona                   Hex            #......      99%         1    ##.....
 Infusion                 Chrm           #...         99%         1    ##.....
 Magic Dart               Conj           #...         99%         1    ##.....
 Shock                    Conj/Air       #...         99%         1    ##.....
 Summon Butterflies       Summ           #.......     99%         1    ##.....
 Summon Small Mammal      Summ           #...         99%         1    ##.....
 Blink                    Tloc           N/A          100%        2    ###....
 Call Imp                 Summ           #.......     100%        2    ###....
 Poisonous Vapours        Pois/Air       #.....       100%        2    ###....
 Searing Ray              Conj           #.....       100%        2    ###....
 Shroud of Golubria       Chrm/Tloc      #.....       100%        2    ###....
 Slow                     Hex            #.......     100%        2    ###....
 Song of Slaying          Chrm           #.......     100%        2    ###....
 Swiftness                Chrm/Air       #.......     100%        2    ###....
 Throw Flame              Conj/Fire      #.....       100%        2    ###....
 Call Canine Familiar     Summ           #.......     100%        3    ####...
 Conjure Flame            Conj/Fire      #.......     100%        3    ####...
 Dazzling Spray           Conj/Hex       #.....       100%        3    ####...
 Inner Flame              Hex/Fire       #.......     100%        3    ####...
 Mephitic Cloud           Conj/Pois/Air  #.......     100%        3    ####...
 Portal Projectile        Hex/Tloc       #.....       100%        3    ####...
 Regeneration             Chrm/Necr      #.........   100%        3    ####...
 Spectral Weapon          Hex/Chrm       #.......     100%        3    ####...
 Static Discharge         Conj/Air       #.......     100%        3    ####...
 Airstrike                Air            #.........   100%        4    #####..
 Cause Fear               Hex            #.........   100%        4    #####..
 Force Lance              Conj/Tloc      #.......     100%        4    #####..
 Fulminant Prism          Conj/Hex       #.........   100%        4    #####..
 Ice Form                 Ice/Tmut       #.......     100%        4    #####..
 Iskenderun's Mystic Bla  Conj           #.......     100%        4    #####..
 Leda's Liquefaction      Hex/Erth       #.........   100%        4    #####..
 Summon Ice Beast         Ice/Summ       #.......     100%        4    #####..
 Bolt of Magma            Conj/Fire/Erth #.........   100%        5    ######.
 Iskenderun's Battlesphe  Conj/Chrm      #.......     100%        5    ######.
 Lightning Bolt           Conj/Air       #.........   100%        5    ######.
 Metabolic Englaciation   Hex/Ice        #.........   100%        5    ######.
 Summon Mana Viper        Hex/Summ       #.......     100%        5    ######.
 Venom Bolt               Conj/Pois      #.........   100%        5    ######.
 Bolt of Cold             Conj/Ice       #.........   100%        6    #######
 Freezing Cloud           Conj/Ice/Air   #.........   100%        6    #######
 Iron Shot                Conj/Erth      #.........   100%        6    #######
 Ozocubu's Refrigeration  Ice            #.........   100%        6    #######
 Simulacrum               Ice/Necr       #.........   100%        6    #######
 Orb of Destruction       Conj           #.........   100%        7    #######
 Spellforged Servitor     Conj/Summ      #.........   100%        7    #######
 Summon Hydra             Summ           #.........   100%        7    #######
 Tornado                  Air            #.........   100%        9    #######


Dungeon Overview and Level Annotations

Branches:
Dungeon (15/15)            Temple (1/1) D:7            Lair (6/6) D:10
  Swamp (0/4) Lair:3        Snake (0/4) Lair:3        Slime (0/5) Lair:5
    Orc (2/2) D:12            Elf (3/3) Orc:2        Vaults (0/5) D:13
 Depths (0/5) D:15        Ossuary (visited)           IceCv (visited)

Altars:
Ashenzari
Cheibriados
Dithmenos
Elyvilon
Fedhas
Gozag
Hepliaklqana
Kikubaaqudgha
Makhleb
Nemelex Xobeh
Okawaru
Qazlal
Ru
Sif Muna
Trog
Uskayaw
Vehumet
Wu Jian
Xom
Yredelemnul
Zin
The Shining One
Beogh
Jiyva

Shops:
D:6 !   Orc:2 *?:=   Elf:3 }

Portals:
Hell: Lair:6

Annotations:
D:3 3 runed translucent doors, Xerdoz's ghost, amateur TrHu
Elf:2 3 runed translucent doors


Innate Abilities, Weirdness & Mutations

You reflexively headbutt those who attack you in melee.
You have a pair of horns on your head.
You have sharp toenails.
You are partially covered in slimy green scales. (AC +2)


Message History

Items here: ( ) [ ÷ a +0 longbow; a +2 scale mail of cold resistance; 20 arrows; an elf skeleton
Items here: ( )) [ † 7 arrows; a +0 short sword x2; a +0 leather armour; an elf corpse You see here a glowing chain mail {god gift}.
There isn't anything to butcher here.
There is an open door here.
You start resting.
A deep elf sorcerer comes into view.
It is wielding a +2 vampiric short sword.
A deep elf sorcerer comes into view. It is wielding a +0 rapier.
The deep elf sorcerer shouts! x2
The deep elf sorcerer casts a spell.
The deep elf sorcerer seems to speed up.
The deep elf sorcerer casts a spell at you.
The sphere of damnation explodes!
The damnation engulfs you!!
* * * LOW HITPOINT WARNING * * *
There is an open door here.
The deep elf sorcerer casts a spell at you.
The sphere of damnation explodes!
The damnation engulfs you!!!
You die...

** #.......#.## #####
##.....)≈≈ * ##.......'##
##)..###.##....≈≈ #.........#
##.....#e###......
##.........##
#.......####.)....
#...........#
#...(...'[()......
##...........#
#.......####....≈≈
##...........# ##.....'##
#....≈≈ .##.........##
##'...##.###....≈≈
..'..)......#
##@##'####.##....≈≈
<.##.......####.###.#
##.#....≈≈ ...#.......###.##
#.# ##.....≈≈ ...##########.##
#.# ##...≈≈≈
....########.######'####
#...≈≈# ..####.....'##
#...)...# #..≈≈##
#####.......## #.......#
#..≈≈#, #
##.........###.......# #..≈≈#,
#...........##.......####..≈≈#,


You could see a deep elf sorcerer.

Vanquished Creatures
  Asterion (Elf:1)
  A deep elf blademaster (Elf:3)
  A deep elf master archer (Elf:3)
  An acid blob (Lair:5)
  Gastronok (Lair:2)
  An orc warlord (Orc:2)
  A frost giant (IceCv)
  A deep elf elementalist (Elf:3)
  2 deep elf demonologists
  Azrael (D:15)
  2 deep elf annihilators
  A dire elephant (Lair:6)
  Snorg (Lair:6)
  An ettin (Orc:1)
  Josephine (Lair:6)
  The ghost of Xerdoz the Grappler, a journeyman TrHu (D:11)
  A deep elf high priest (Elf:2)
  2 fire dragons
  A vault guard (D:13)
  2 ice dragons
  7 hydras
  An ice dragon (shapeshifter) (Elf:3)
  The ghost of Xerdoz the Grappler, a novice TrHu (D:9)
  4 centaur warriors
  A catoblepas (Lair:4)
  11 two-headed ogres
  8 dancing weapons
  A queen ant (Lair:3)
  2 death yaks (Lair:4)
  2 tengu warriors
  Sonja (Lair:1)
  7 orc high priests
  Urug (Lair:1)
  4 deep elf knights
  A sun demon (Lair:6)
  Nergalle (Lair:1)
  5 unseen horrors
  A wizard (Lair:6)
  3 deep elf archers
  14 orc knights
  2 lindwurms (Lair:4)
  A wolf spider zombie (D:15)
  20 ugly things
  45 deep elf magi
  4 orc sorcerers
  A wolf spider (D:10)
  5 manticores
  6 cyclopes
  7 elephants
  A moth of wrath (D:11)
  2 black mambas
  2 torpor snails
  An ice statue (IceCv)
  3 orange demons (Lair:6)
  A smoke demon (Lair:6)
  15 spiny frogs
  8 rime drakes
  10 komodo dragons
  4 kobold demonologists
  An ice devil (Lair:6)
  3 meliai (Lair:4)
  7 trolls
  6 red devils
  18 slime creatures
  17 polar bears
  A queen bee (Lair:4)
  A tyrant leech (shapeshifter) (D:13)
  6 blink frogs
  Grinder (D:3)
  2 hornets
  8 hippogriffs
  8 dream sheep
  4 air elementals (Elf:1)
  3 shadows
  Sigmund (D:3)
  7 wraiths
  2 vampires
  6 water elementals
  4 basilisks
  A tarantella (shapeshifter) (D:11)
  52 yaks
  Eustachio (D:5)
  A human (shapeshifter) (D:13)
  5 wyverns
  7 fire elementals
  2 vampire mosquitoes (D:12)
  2 hungry ghosts (D:9)
  Grum (D:9)
  Edmund (D:5)
  6 wargs
  An acid dragon (D:15)
  7 nagas (Lair:3)
  7 hell hounds
  14 soldier ants
  12 water moccasins
  4 porcupines
  5 sky beasts
  52 orc warriors
  3 ice beasts
  2 black bears
  3 eyes of draining
  2 phantoms
  38 wolves
  16 ogres
  A boggart (D:10)
  11 centaurs
  10 big kobolds
  7 crocodiles
  8 bullfrogs
  2 earth elementals
  3 gnoll sergeants (D:12)
  A wyvern skeleton (D:14)
  5 scorpions
  A water moccasin skeleton (D:9)
  8 wights
  37 killer bees
  10 electric eels
  A howler monkey (D:12)
  5 bullfrog zombies
  7 crimson imps
  3 jellies
  4 centaur zombies
  7 hounds
  A human zombie (Ossuary)
  31 orc wizards
  36 orc priests
  4 centaur skeletons
  Jessica (D:2)
  Natasha (D:3)
  3 bullfrog skeletons
  4 iguanas
  34 worker ants
  2 big kobold zombies (Ossuary)
  2 hound zombies
  3 hound skeletons
  2 mummies (Ossuary)
  2 worker ant zombies
  9 gnolls
  15 adders
  8 shadow imps
  2 white imps (Lair:6)
  2 oozes
  2 adder zombies
  A dart slug (D:2)
  10 leopard geckos
  92 orcs
  5 bats
  2 giant cockroaches
  3 gnoll zombies (Ossuary)
  10 goblins
  9 hobgoblins
  6 jackals
  5 quokkas
  5 ball pythons
  10 frilled lizards
  3 goblin zombies (Ossuary)
  A hobgoblin zombie (Ossuary)
  3 jackal skeletons
  39 kobolds
  3 orc zombies (Ossuary)
  2 quokka skeletons
  6 rats
  A fungus (Lair:6)
  2 plants
1102 creatures vanquished.

Vanquished Creatures (others)
  A deep elf sorcerer (Elf:1)
  A polar bear (IceCv)
  2 yaks (IceCv)
  2 wolves (IceCv)
  4 centaurs
  An orc wizard (D:9)
  A white imp (Lair:6)
  An orc (Orc:2)
  5 fungi
  6 plants
24 creatures vanquished.

Grand Total: 1126 creatures vanquished

Notes
Turn   | Place    | Note
-------+----------+-------------------------------------------
     0 | D:1      | Peloso the Minotaur Fighter began the quest for the Orb.
     0 | D:1      | Reached XP level 1. HP: 19/19 MP: 0/0
    61 | D:1      | Reached XP level 2. HP: 21/27 MP: 1/1
   284 | D:1      | Reached XP level 3. HP: 31/33 MP: 2/2
   288 | D:1      | Reached skill level 4 in Shields
  1060 | D:2      | Noticed Jessica
  1064 | D:2      | Killed Jessica
  1064 | D:2      | Reached XP level 4. HP: 38/40 MP: 3/3
  1571 | D:2      | Reached XP level 5. HP: 32/47 MP: 4/4
  1924 | D:3      | Noticed Grinder
  1934 | D:3      | Killed Grinder
  1934 | D:3      | Reached skill level 5 in Long Blades
  1934 | D:3      | Reached skill level 5 in Armour
  1934 | D:3      | Reached skill level 1 in Dodging
  1934 | D:3      | Reached skill level 5 in Shields
  1934 | D:3      | Reached XP level 6. HP: 34/53 MP: 5/5
  2318 | D:3      | Noticed Sigmund
  2338 | D:3      | Killed Sigmund
  2338 | D:3      | Reached XP level 7. HP: 38/60 MP: 6/6
  2824 | D:3      | Found a runed translucent gate.
  2826 | D:3      | Found a runed translucent gate.
  2826 | D:3      | Found a runed translucent gate.
  2826 | D:3      | Noticed Xerdoz's ghost (amateur TrHu)
  2849 | D:3      | Gained mutation: You are partially covered in slimy green
                  | scales. (AC +2) [potion of mutation]
  2849 | D:3      | Gained mutation: You have sharp toenails. [potion of
                  | mutation]
  2949 | D:4      | Noticed Natasha
  2968 | D:3      | Killed Natasha
  2968 | D:3      | Reached skill level 5 in Fighting
  3239 | D:4      | Reached skill level 6 in Shields
  3530 | D:5      | Entered Level 5 of the Dungeon
  3607 | D:5      | Reached XP level 8. HP: 69/69 MP: 7/7
  3635 | D:5      | Noticed Eustachio
  3638 | D:5      | Noticed Edmund
  3663 | D:5      | Killed Edmund
  3744 | D:5      | Killed Eustachio
  3744 | D:5      | Reached skill level 7 in Shields
  4552 | D:6      | Found Guaragga's Distillery.
  4558 | D:6      | Bought a potion of degeneration for 15 gold pieces
  4620 | D:6      | Reached skill level 8 in Shields
  5123 | D:7      | Found a shadowy altar of Dithmenos.
  5123 | D:7      | Found an opulent altar of Gozag.
  5126 | D:7      | Found a sparkling altar of Nemelex Xobeh.
  5150 | D:7      | Reached XP level 9. HP: 50/75 MP: 8/8
  5161 | D:7      | Reached skill level 1 in Stealth
  5185 | D:7      | Found a radiant altar of Vehumet.
  5272 | D:7      | Found a sand-covered staircase.
  5277 | Ossuary  | Entered an ossuary
  5397 | Ossuary  | Reached skill level 9 in Shields
  5782 | D:7      | Found a staircase to the Ecumenical Temple.
  5802 | Temple   | Entered the Ecumenical Temple
  5918 | Temple   | Became a worshipper of Warmaster Okawaru
  6276 | D:8      | Reached skill level 10 in Shields
  6299 | D:8      | Found a transporter.
  6302 | D:8      | Found a basalt altar of Yredelemnul.
  6302 | D:8      | Noticed a kobold demonologist
  6317 | D:8      | Found a hide-covered altar of Uskayaw.
  6335 | D:8      | Found a transporter.
  6379 | D:8      | Paralysed by a hornet for 3 turns
  6624 | D:8      | Reached * piety under Okawaru
  6750 | D:8      | Reached XP level 10. HP: 83/84 MP: 9/9
  6999 | D:8      | Reached skill level 10 in Long Blades
  7130 | D:8      | Found a burning altar of Makhleb.
  7131 | D:8      | Noticed a deep elf mage
  7137 | D:8      | Noticed a sun demon
  7144 | D:8      | Killed a deep elf mage
  7200 | D:8      | HP: 3/86 [dream sheep (8)]
  7479 | D:7      | Reached ** piety under Okawaru
  7532 | D:8      | Noticed a three-headed hydra
  7541 | D:8      | Killed a one-headed hydra
  7541 | D:8      | Reached skill level 11 in Shields
  7631 | D:9      | Noticed a two-headed ogre
  7643 | D:9      | Killed a two-headed ogre
  7643 | D:9      | Reached *** piety under Okawaru
  7802 | D:9      | Noticed Grum
  7832 | D:9      | Killed Grum
  8019 | D:9      | Found a large runed translucent door.
  8022 | D:9      | Found a large runed translucent door.
  8022 | D:9      | Noticed Xerdoz's ghost (novice TrHu)
  8428 | D:9      | Reached XP level 11. HP: 94/94 MP: 7/10
  8475 | D:9      | Noticed a seven-headed hydra
  8498 | D:9      | Killed a one-headed hydra
  8498 | D:9      | Reached **** piety under Okawaru
  8537 | D:9      | Received a gift from Okawaru
  8537 | D:9      | Reached skill level 10 in Armour
  9131 | D:10     | Entered Level 10 of the Dungeon
  9233 | D:10     | Reached skill level 12 in Shields
  9523 | D:10     | Found a staircase to the Lair.
 10227 | D:11     | Killed an unseen horror
 10241 | D:11     | Noticed a two-headed ogre
 10241 | D:11     | Noticed a brown ugly thing
 10241 | D:11     | Noticed a two-headed ogre
 10246 | D:11     | Noticed a centaur warrior
 10248 | D:11     | Noticed a wolf spider
 10282 | D:11     | Noticed a seven-headed hydra
 10315 | D:10     | Killed a wolf spider
 10315 | D:10     | Reached skill level 1 in Invocations
 10499 | D:10     | Killed a two-headed ogre
 10514 | D:10     | Killed a brown ugly thing
 10576 | D:10     | Killed a two-headed ogre
 10576 | D:10     | Reached ***** piety under Okawaru
 10589 | D:11     | Killed a centaur warrior
 11025 | D:11     | Reached XP level 12. HP: 99/105 MP: 11/11
 11080 | D:11     | Noticed a two-headed ogre
 11080 | D:11     | Noticed Xerdoz's ghost (journeyman TrHu)
 11080 | D:11     | Noticed a two-headed ogre
 11081 | D:11     | Found a bloodstained altar of Trog.
 11081 | D:11     | Found a transporter.
 11091 | D:11     | Identified the +7 halberd of the Viper {holy, Dex+4}
 11091 | D:11     | Noticed a tengu warrior
 11097 | D:11     | Noticed a two-headed ogre
 11108 | D:11     | Noticed a two-headed ogre
 11192 | D:11     | HP: 2/105 [white imp/puff of frost[a kobold demonologist]
                  | (15)]
 11701 | D:11     | Found a transporter.
 11799 | D:11     | Reached skill level 13 in Shields
 12112 | D:11     | Got a bloodstained hunting sling
 12189 | D:11     | Reached skill level 10 in Fighting
 12197 | D:11     | Reached skill level 5 in Dodging
 12227 | D:11     | Received a gift from Okawaru
 12905 | D:12     | Identified the +5 hunting sling "Heufool" {venom, rPois
                  | Dex+3} (You found it on level 11 of the Dungeon)
 12941 | D:12     | Noticed a six-headed hydra
 12956 | D:12     | Killed a one-headed hydra
 12956 | D:12     | Received a gift from Okawaru
 12956 | D:12     | Reached skill level 1 in Axes
 12956 | D:12     | Reached skill level 14 in Shields
 12959 | D:12     | Got a smoking ring mail {god gift}
 12961 | D:12     | Identified the +3 ring mail of Midsummer {rC+ MR+ Int+2}
                  | (Okawaru gifted it to you on level 12 of the Dungeon)
 13030 | D:12     | Found a staircase to the Orcish Mines.
 13230 | D:12     | You fall into a shaft and drop 1 floor!
 13952 | D:11     | Reached XP level 13. HP: 112/114 MP: 13/13
 14321 | D:11     | Reached skill level 15 in Shields
 15779 | D:13     | Received a gift from Okawaru
 15888 | D:13     | Noticed a fire dragon
 16236 | D:13     | Found a gate to the Vaults.
 16263 | D:13     | Killed a fire dragon
 16655 | Lair:1   | Entered Level 1 of the Lair of Beasts
 16700 | Lair:1   | Noticed Urug
 16715 | Lair:1   | Found a frozen archway.
 16726 | IceCv    | Entered an ice cave
 17294 | IceCv    | Identified the Reference Book on Feathery Conjuration
 17563 | IceCv    | Reached skill level 16 in Shields
 17801 | IceCv    | Received a gift from Okawaru
 18164 | IceCv    | Noticed a frost giant
 18478 | IceCv    | Killed a frost giant
 18780 | IceCv    | Reached XP level 14. HP: 90/124 MP: 14/14
 18914 | Lair:1   | Reached skill level 17 in Shields
 19047 | Lair:1   | Noticed Sonja
 19053 | Lair:1   | Noticed Nergalle
 19054 | Lair:1   | Killed Sonja
 19070 | Lair:1   | Killed Nergalle
 19275 | Lair:1   | Killed Urug
 19329 | Lair:1   | You fall into a shaft and drop 1 floor!
 19819 | Lair:2   | Noticed Gastronok
 19842 | Lair:2   | Killed Gastronok
 20512 | Lair:1   | Got a smoking trident
 20513 | Lair:1   | Identified the cursed +2 trident of the Illusory Runes
                  | {protect, rC+ MR+} (You found it on level 1 of the Lair of
                  | Beasts)
 21770 | Lair:3   | Found a staircase to the Swamp.
 22047 | Lair:3   | Received a gift from Okawaru
 22145 | Lair:3   | Received a gift from Okawaru
 22257 | Lair:3   | You fall into a shaft and drop 3 floors!
 22257 | Lair:6   | Entered Level 6 of the Lair of Beasts
 22439 | Lair:5   | Reached skill level 18 in Shields
 22788 | Lair:3   | Found a staircase to the Snake Pit.
 24043 | Lair:3   | Received a gift from Okawaru
 24665 | Lair:4   | Reached skill level 15 in Long Blades
 25132 | Lair:1   | Identified a scroll of acquirement
 25640 | D:9      | Killed Xerdoz's ghost
 25640 | D:9      | Reached XP level 15. HP: 134/134 MP: 8/16
 26192 | D:11     | Received a gift from Okawaru
 26217 | D:11     | Killed Xerdoz's ghost
 26219 | D:11     | Got a scintillating copper ring
 26223 | D:11     | Identified the cursed ring "Banis" {rF+ Str+7 Int-3 Dex-4
                  | Stlth+} (You found it on level 11 of the Dungeon)
 26694 | D:14     | Reached skill level 19 in Shields
 27311 | D:15     | Entered Level 15 of the Dungeon
 27933 | D:15     | Found a white marble altar of Elyvilon.
 28582 | D:15     | Noticed Azrael
 28617 | D:15     | Killed Azrael
 28702 | D:15     | Received a gift from Okawaru
 28709 | D:15     | Found a staircase to the Depths.
 29495 | Lair:5   | Found a runed translucent door.
 29495 | Lair:5   | Found a viscous altar of Jiyva.
 29495 | Lair:5   | Found a staircase to the Slime Pits.
 29495 | Lair:5   | Noticed an acid blob
 29878 | Lair:5   | Killed an acid blob
 29962 | Lair:6   | Noticed Snorg
 29974 | Lair:6   | Killed Snorg
 29984 | Lair:6   | Noticed Josephine
 30033 | Lair:6   | Killed Josephine
 30508 | Lair:6   | Reached skill level 20 in Shields
 30764 | Lair:6   | Reached XP level 16. HP: 82/145 MP: 17/17
 30767 | Lair:6   | Reached ****** piety under Okawaru
 31107 | Lair:6   | Found a burning altar of Makhleb.
 31112 | Lair:6   | Found a gateway to Hell.
 32119 | Orc:1    | Entered Level 1 of the Orcish Mines
 32120 | Orc:1    | Found a burning altar of Makhleb.
 32258 | Orc:1    | Received a gift from Okawaru
 32651 | Orc:1    | Found a roughly hewn altar of Beogh.
 32678 | Orc:1    | Found a transporter.
 32694 | Orc:1    | Found a roughly hewn altar of Beogh.
 32694 | Orc:1    | Found a transporter.
 33025 | Orc:2    | Entered Level 2 of the Orcish Mines
 33025 | Orc:2    | Found a staircase to the Elven Halls.
 34722 | Orc:2    | Received a gift from Okawaru
 36175 | Orc:2    | Got a faintly humming chain mail {god gift}
 36255 | Orc:2    | Reached skill level 21 in Shields
 36513 | Orc:2    | Found Vigon's General Store.
 36516 | Orc:2    | Found Suegeolair's Book Shoppe.
 36517 | Orc:2    | Found Yckojyth's Jewellery Emporium.
 36518 | Orc:2    | Found Nunaitwirch's Magic Scroll Emporium.
 36529 | Orc:2    | Bought the cursed necklace of Bloodlust {*Rage +Rage MR++
                  | Int-3 Slay+6 *Curse} for 968 gold pieces
 36529 | Orc:2    | Found the cursed necklace of Bloodlust {*Rage +Rage MR++
                  | Int-3 Slay+6 *Curse}
 36535 | Orc:2    | Bought a scroll of identify for 28 gold pieces
 36535 | Orc:2    | Bought a scroll of identify for 28 gold pieces
 36535 | Orc:2    | Bought a scroll of identify for 28 gold pieces
 36535 | Orc:2    | Bought a scroll of identify for 28 gold pieces
 36544 | Orc:2    | Identified the +4 chain mail of Sonugred {Regen+} (Okawaru
                  | gifted it to you on level 2 of the Orcish Mines)
 37078 | Orc:1    | Got a pair of faintly glowing boots
 37089 | Orc:1    | Identified the cursed +0 pair of boots "Jeut" {rPois rF+
                  | Dex+5} (You found it on level 1 of the Orcish Mines)
 37666 | Elf:1    | Entered Level 1 of the Elven Halls
 38383 | Elf:1    | Noticed Asterion
 38402 | Elf:1    | Killed Asterion
 38912 | Elf:1    | Received a gift from Okawaru
 38939 | Elf:1    | Got a pair of transparent gloves {god gift}
 38950 | Elf:1    | Identified the +1 pair of gloves "Tauste" {Int+5} (Okawaru
                  | gifted it to you on level 1 of the Elven Halls)
 39744 | Elf:1    | Noticed an Ice Fiend
 40129 | Elf:1    | Noticed a Hell Sentinel
 40335 | Elf:1    | Reached XP level 17. HP: 71/154 MP: 18/18
 41701 | Elf:2    | Found a runed translucent gate.
 41701 | Elf:2    | Found a runed translucent gate.
 41702 | Elf:2    | Found a runed translucent gate.
 41958 | Elf:3    | Entered Level 3 of the Elven Halls
 42011 | Elf:3    | Reached skill level 22 in Shields
 42131 | Elf:3    | Found Tygimmomm's Gadget Emporium.
 42199 | Elf:3    | Reached skill level 15 in Fighting
 42991 | Elf:3    | Noticed a deep elf blademaster
 42992 | Elf:3    | Noticed a deep elf master archer
 43010 | Elf:3    | Killed a deep elf blademaster
 43010 | Elf:3    | Received a gift from Okawaru
 43019 | Elf:3    | Killed a deep elf master archer
 43051 | Elf:3    | Killed from afar by a deep elf sorcerer

Levels and vault maps discovered:
D:1:      shiori_arrival_elements, layout_rooms
D:2:      layout_loops_ring, uniq_jessica
D:3:      layout_loops_ring, ebering_ghost_rock_garden, uniq_sigmund,
          uniq_grinder
D:4:      layout_cave_pools, minmay_distorted, uniq_natasha
D:5:      layout_loops_ring, first_ration, uniq_edmund, uniq_eustachio
D:6:      layout_gridville, serial_shops, shop
D:7:      layout_basic, grunt_temple_overflow_open, minmay_temple_entry_grid,
          lightli_ossuary_entry_decrepit_ruins
D:8:      layout_rooms, gammafunk_temple_overflow_arena, hangedman_ranch
          [blue_anna_fruit_fields], wad_floor_pattern_1,
          david_defended_altar_elf
D:9:      minmay_chambers_of_sevens, layout_long_grid,
          ebering_ghost_disaster_area, uniq_grum
D:10:     layout_loops_ring, david_lair_shrubbed
D:11:     layout_basic, gammafunk_ghost_wrathful_warriors,
          minmay_misc_feat_pillars, minivault_28
D:12:     layout_cave_pools, kennysheep_orc_monster_closet_entryway
D:13:     layout_cave_pools, david_vaults_5, serial_bayou_pond_b
D:14:     layout_stronghold
D:15:     grunt_enter_depths_hoard, layout_gridville, elyvilon_altar_1,
          uniq_azrael
Temple:   nicolae_temple_elliptical
Lair:1:   layout_small_grid, portal_ice_cave_entry_pillars_1, uniq_urug,
          uniq_sonja, uniq_nergalle
Lair:2:   statuecave_lemuel, layout_regular_city, minmay_holes,
          lemuel_fruit_tree, uniq_gastronok
Lair:3:   layout_long_grid, swamp_mist_pool, minmay_snake_entry_guardpost_large,
          zaba_anthell, infiniplex_staircase_pool
Lair:4:   regret_index_combs_of_tragedy, layout_misc_corridors, serial_rivers,
          chequers_serial_rivers_room_a, chequers_serial_rivers_micro_e,
          chequers_serial_rivers_small_a, chequers_serial_rivers_micro_d
Lair:5:   layout_roguey, slime_altar_2, infiniplex_staircase_pool_2,
          serial_bayou_shore_a, serial_bayou_shore_b
Lair:6:   evil_forest, layout_regular_city, bobbens_ice_dragon_lair,
          uniq_josephine, uniq_snorg
Orc:1:    gammafunk_beogh_shrine, layout_diamond_mine, basic_altar, mines1_david
Orc:2:    st_orc_pillars, layout_diamond_mine, special_room
Elf:1:    minmay_elf_arrival_summoners, layout_gridlike,
          hangedman_elf_represent, minmay_misc_feat_columns,
          minmay_curled_crystal, chequers_big_river,
          einodemon_armed_red_devil_minivault, uniq_asterion
Elf:2:    layout_geoelf_octagon
Elf:3:    minmay_elf_hall_quartered_circle, layout_geoelf_castle, serial_shops,
          nicolae_shop_crystal, uniq_bai_suzhen

Skill      XL: |  1  2  3  4  5  6  7  8  9 10 11 12 13 14 15 16 17 |
---------------+----------------------------------------------------+-----
Fighting       | 4 5 6 8 9 10 11 12 13 14 15 | 15.2
Armour         | 4 5 6 7 8 9 11 12 13 14 | 14.3
Shields        | 4 5 6 8 10 11 12 14 16 18 20 21 22 | 22.3
Long Blades    | 3 4 5 6 8 9 11 12 13 14 15 16 | 16.7
Dodging        | 1 2 3 4 5 6 7 8 9 |  9.5
Stealth        | 1 2 3 |  3.2
Invocations    | 1 2 3 |  3.7
Axes           | 1 2 |  2.5
Evocations     | |  0.7

Action                   |  1- 3 |  4- 6 |  7- 9 | 10-12 | 13-15 | 16-18 || total
-------------------------+-------+-------+-------+-------+-------+-------++-------
Melee: Long sword        |    90 |   107 |    47 |       |   654 |  1054 ||  1952
       Headbutt          |    17 |    12 |   109 |   307 |   678 |   278 ||  1401
       Falchion          |       |       |   465 |  1191 |  1336 |       ||  2992
       Kick              |       |       |   170 |    51 |       |       ||   221
       Hand axe          |       |       |       |    36 |       |       ||    36
       Scimitar          |       |       |       |       |   264 |       ||   264
       War axe           |       |       |       |       |    10 |       ||    10
Invok: Heroism           |       |       |       |    22 |    27 |     7 ||    56
       Finesse           |       |       |       |       |     5 |       ||     5
 Abil: Evoke Flight      |       |       |       |       |       |     1 ||     1
Evoke: Wand              |       |       |       |       |    15 |       ||    15
  Use: Potion            |     1 |     1 |     5 |     4 |     3 |     3 ||    17
       Scroll            |       |       |    12 |     7 |    13 |    10 ||    42
 Stab: Distracted        |       |       |       |       |     2 |       ||     2
       Sleeping          |       |       |       |       |     3 |       ||     3
  Eat: Chunk             |       |     4 |     8 |    17 |    44 |    28 ||   101
       Ration            |       |       |     2 |     3 |     3 |     4 ||    12
Armor: Scale mail        |    44 |    44 |    24 |       |       |       ||   112
       Chain mail        |       |       |   276 |   371 |       |       ||   647
       Skin              |       |       |       |    52 |       |       ||    52
       Plate armour      |       |       |       |    65 |   145 |   151 ||   361
       Ring mail         |       |       |       |       |   366 |    32 ||   398
Dodge: Dodged            |    26 |    32 |   165 |   271 |   499 |   237 ||  1230
Block: Shield            |    44 |    76 |   406 |   656 |       |       ||  1182
       Reflection        |       |       |    16 |    18 |    23 |       ||    57
       Large shield      |       |       |       |   267 |  2153 |  1137 ||  3557
       Rpst.: Long sword |     9 |     3 |     4 |       |    46 |    49 ||   111
       Falchion          |       |       |    40 |    57 |    61 |       ||   158
       Scimitar          |       |       |       |       |    20 |       ||    20
